 Dungeon Crawl Stone Soup version 0.17.0-28-g6e173f8 (webtiles) character file.

148 PossumBlood the Sneak (level 5, -5/36 HPs)
             Began as a Vampire Enchanter on Nov 24, 2015.
             Slain by DeXoteric's ghost (9 damage)
             ... on level 3 of the Dungeon.
             The game lasted 00:13:46 (3078 turns).

PossumBlood the Sneak (Vampire Enchanter)           Turns: 3078, Time: 00:13:46

Health: -5/36      AC:  4    Str:  7    XL:     5   Next: 8%
Magic:  2/8        EV: 13    Int: 18    God:
Gold:   107        SH:  0    Dex: 15    Spells: 2 memorised, 4 levels left

rFire  . . .     SeeInvis +     j - +1 dagger (venom)
rCold  + . .     Clarity  .     b - +1 robe
rNeg   + + .     SustAt   .     (no shield)
rPois  +         Gourm    .     (no helmet)
rElec  .         Spirit   .     (no cloak)
rCorr  .         Warding  .     i - +0 pair of gloves
rMut   .         Stasis   .     (no boots)
MR     .....                    f - amulet of rage
Stlth  ++++......               (no ring)
                                (no ring)

@: regenerating slowly, not resistant to hostile enchantments, stealthy
A: fangs 3, see invisible, unbreathing
a: Bat Form, Evoke Berserk Rage


You were on level 3 of the Dungeon.
You were thirsty.

You visited 1 branch of the dungeon, and saw 3 of its levels.

You collected 107 gold pieces.

Inventory:

Hand Weapons
 a - a +1 dagger
 j - a +1 dagger of venom (weapon)
Armour
 b - a +1 robe (worn)
 e - a cursed -2 leather armour
 i - a +0 pair of gloves (worn)
Jewellery
 f - an amulet of rage (around neck)
Wands
 k - a wand of digging (12)
Scrolls
 l - a scroll of remove curse
Potions
 d - 12 potions of blood
 g - a potion of heal wounds {unknown}
 h - a potion of agility {unknown}
Books
 c - a book of Maledictions

   Spells                             Type                      Level
   a - Corona                         Hexes                        1
   b - Ensorcelled Hibernation        Hexes/Ice                    2
   c - Confuse                        Hexes                        3
   d - Tukima's Dance                 Hexes                        3
   e - Dazzling Spray                 Conjuration/Hexes            3


   Skills:
 + Level 0.5 Fighting
 + Level 1.3 Short Blades
 + Level 3.4 Dodging
 + Level 6.4 Stealth
 + Level 2.3 Spellcasting
 + Level 5.5 Hexes


You had 4 spell levels left.
You knew the following spells:

 Your Spells              Type           Power        Failure   Level  Hunger
a - Corona                Hex            ###....      1%          1    #......
b - Confuse               Hex            ###.....     6%          3    ###....


Dungeon Overview and Level Annotations

Branches:
Dungeon (3/15)

Altars:
Ashenzari
Cheibriados
Ru
Xom
Zin

Annotations:
D:3 DeXoteric's ghost, amateur MiBe


Innate Abilities, Weirdness & Mutations

You heal slowly.
You have razor-sharp teeth.
You have supernaturally acute eyesight.
You can survive without breathing.


Message History

Aim: DeXoteric's ghost (chance to defeat MR: 47%) DeXoteric's ghost resists with some effort.
Casting: Confuse
Confirm with . or Enter, or press ? or * to list all spells.
Aiming: Confuse
Press: ? - help, Shift-Dir - straight line, f/p - DeXoteric's ghost
Aim: DeXoteric's ghost (chance to defeat MR: 47%) DeXoteric's ghost resists with some effort.
DeXoteric's ghost closely misses you.
You hit DeXoteric's ghost but do no damage.
Your bite misses DeXoteric's ghost. DeXoteric's ghost hits you!
You hit DeXoteric's ghost.
DeXoteric's ghost is lightly damaged.
DeXoteric's ghost hits you!
You hit DeXoteric's ghost.
DeXoteric's ghost is lightly damaged.
DeXoteric's ghost hits you!
* * * LOW HITPOINT WARNING * * *
DeXoteric's ghost hits you!
You die...

#...(.....# ###.#######
#.# #.# # #.######### #
#.........# #
#########.# # .#########
#.....##.# #
.......@.#.##.....##.# #
########W#.##.....##'###
#.#.##...........
#.#.##...........
#.#.##...........
#................
#................
#................
#................


You could see DeXoteric's ghost.

Vanquished Creatures
  Ijyb (D:3)
  6 adders
  An ooze (D:2)
  2 worms
  3 giant geckos
  2 orcs
  A ball python (D:3)
  6 giant cockroaches
  4 hobgoblins
  4 kobolds
  7 bats
  3 giant newts
  3 goblins
  6 jackals
  2 rats
51 creatures vanquished.

Vanquished Creatures (others)
  A kobold (D:3)
1 creature vanquished.

Grand Total: 52 creatures vanquished

Notes
Turn   | Place    | Note
--------------------------------------------------------------
     0 | D:1      | PossumBlood the Vampire Enchanter began the quest for the Orb.
     0 | D:1      | Reached XP level 1. HP: 13/13 MP: 3/3
   249 | D:1      | Reached XP level 2. HP: 19/19 MP: 5/5
   276 | D:1      | Reached skill level 5 in Hexes
   837 | D:1      | Reached skill level 5 in Stealth
  1263 | D:2      | Reached XP level 3. HP: 11/24 MP: 4/6
  1761 | D:2      | Found a shattered altar of Ashenzari.
  1831 | D:2      | Found a sacrificial altar of Ru.
  2123 | D:2      | Found a snail-covered altar of Cheibriados.
  2202 | D:2      | Reached XP level 4. HP: 29/31 MP: 7/7
  2651 | D:3      | Noticed Ijyb
  2661 | D:3      | Reached skill level 6 in Stealth
  2670 | D:3      | Killed Ijyb
  2670 | D:3      | Reached XP level 5. HP: 26/36 MP: 6/8
  2690 | D:3      | Noticed DeXoteric's ghost (amateur MiBe)
  2725 | D:3      | Found a glowing silver altar of Zin.
  2725 | D:3      | Noticed an angel
  2726 | D:3      | Found a shimmering altar of Xom.
  3071 | D:3      | Learned a level 3 spell: Confuse
  3078 | D:3      | Slain by DeXoteric's ghost

Action                   |  1- 3 |  4- 6 || total
-------------------------+-------+-------++-------
Melee: Dagger            |   126 |    54 ||   180
 Cast: Corona            |     9 |     4 ||    13
       Confuse           |       |     2 ||     2
 Abil: End Transformatio |       |     1 ||     1
       Bat Form          |       |     1 ||     1
  Use: Potion            |     5 |     2 ||     7
       Scroll            |     3 |     3 ||     6
 Stab: Sleeping          |     7 |     4 ||    11
